Map: Ever Dream LE

Players

Panayiotis

  • Race: Protoss Protoss
  • Spawn Location: 1:00

prospeKt - Winner!

  • Race: Zerg Zerg
  • League: Platinum
  • Spawn Location: 7:00

VOD

Have the link to the VOD?

Description

Time

  • Played on: May 26, 2020, 8:57 a.m.
  • Length: 11:01
Show
View Real Time Build Order
Export as new Build Order

Panayiotis Protoss 

Build Orders: Nexus First 

Get SALT Encoding   

  12  0:05  Probe  
  13  0:17  Probe  
  14  0:27  Pylon  
  14  0:29  Probe  
  15  0:45  Probe  
  16  0:59  Nexus  
  16  1:03  Probe  
  17  1:14  Gateway  
  17  1:17  Probe  
  18  1:22  Assimilator  
  18  1:29  Assimilator  
  18  1:32  Probe  
  19  1:44  Probe  
  19  1:46  Forge  
  20  1:58  Pylon  
  20  2:04  Zealot  
  22  2:12  Pylon  
  22  2:21  Pylon  
  22  2:24  Probe  
  23  2:33  Pylon  
  23  2:36  Probe  
  24  2:40  Zealot  
  24  2:41  Pylon  
  26  2:48  Probe  
  27  2:54  Photon Cannon  
  27  2:55  Probe  
  28  3:04  Protoss Shields Level 1  
  28  3:21  Cybernetics Core  
  28  3:23  Probe  
  28  3:25  Probe  
  30  3:36  Assimilator  
  30  3:37  Probe  
  30  3:38  Assimilator  
  31  3:48  Photon Cannon  
  31  3:55  Photon Cannon  
  31  3:57  Zealot  
  33  4:04  Shield Battery  
  33  4:11  Shield Battery  
  33  4:15  Shield Battery  
  33  4:22  Pylon, Probe  
  34  4:25  Probe  
  35  4:37  Probe  
  36  4:42  Photon Cannon  
  36  4:50  Pylon, Zealot  
  38  4:53  Probe  
  38  4:55  Probe  
  40  5:05  Probe  
  41  5:07  Probe  
  42  5:17  Twilight Council  
  42  5:27  Probe  
  43  5:33  Probe  
  43  5:35  Protoss Air Weapons Level 1  
  44  5:39  Probe  
  45  5:43  Stargate  
  45  5:44  Stargate  
  45  5:45  Probe  
  45  5:47  Stargate  
  46  5:50  Protoss Shields Level 2 (Chrono Boost)  
  46  5:51  Probe  
  47  5:57  Probe  
  48  6:13  Probe  
  49  6:23  Zealot  
  49  6:25  Probe  
  52  6:56  Nexus  
  52  6:59  Assimilator  
  52  7:00  Assimilator  
  52  7:08  Probe  
  53  7:23  Fleet Beacon  
  53  7:38  Cybernetics Core  
  53  7:47  Protoss Air Armor Level 1 (Chrono Boost)  
  53  7:57  Zealot  
  55  8:08  Mothership  
  55  8:10  Tempest  
  55  8:11  Carrier  
  55  8:12  Tempest  
  79  8:36  Pylon  
  79  8:39  Pylon, Protoss Air Weapons Level 2 (Chrono Boost)  
  79  8:40  Pylon  
  79  8:43  Pylon  
  79  8:46  Pylon  
  79  9:13  Tempest, Carrier  
  78  9:52  Tempest  
  78  9:56  Carrier  
  72  10:38  Pylon  
  72  10:41  Pylon  
Show
View Real Time Build Order
Export as new Build Order

prospeKt Zerg - Winner!

Build Orders: Hatch First 

Get SALT Encoding   

  12  0:02  Drone  
  13  0:13  Overlord  
  13  0:18  Drone  
  14  0:33  Drone  
  14  0:34  Drone  
  16  0:38  Drone  
  17  0:53  Hatchery  
  16  0:58  Drone  
  16  1:00  Drone  
  18  1:08  Drone  
  19  1:20  Spawning Pool  
  19  1:23  Drone  
  19  1:30  Extractor  
  19  1:31  Drone  
  20  1:40  Drone  
  20  1:50  Drone  
  21  2:01  Drone  
  22  2:07  Queen  
  24  2:09  Overlord  
  25  2:15  Drone  
  25  2:21  Drone  
  26  2:26  Drone  
  27  2:31  Drone  
  27  2:33  Overlord  
  28  2:40  Queen  
  28  2:42  Drone  
  31  2:45  Drone  
  31  2:50  Drone  
  33  2:55  Drone  
  34  3:01  Overlord  
  34  3:07  Drone  
  34  3:11  Drone  
  36  3:16  Queen  
  38  3:21  Drone x4  
  38  3:22  Drone  
  43  3:29  Hatchery  
  42  3:34  Drone x2  
  42  3:39  Extractor  
  42  3:41  Extractor  
  42  3:44  Overlord, Drone  
  44  3:55  Drone x2  
  45  4:06  Roach Warren  
  45  4:07  Drone  
  45  4:08  Drone x5  
  50  4:13  Overlord  
  50  4:15  Overlord  
  50  4:27  Evolution Chamber  
  49  4:36  Drone x4  
  53  4:39  Overlord, Drone x2  
  53  4:41  Drone  
  56  4:54  Roach x4  
  64  5:01  Roach  
  64  5:02  Roach x3  
  64  5:07  Drone x2, Extractor  
  74  5:14  Drone x2  
  75  5:23  Drone x4  
  75  5:24  Drone  
  80  5:28  Lair  
  80  5:41  Drone x4  
  84  5:46  Drone x2  
  84  5:47  Drone x4  
  90  5:51  Overlord x2  
  90  6:05  Extractor  
  90  6:06  Overlord x2, Extractor  
  90  6:08  Drone  
  89  6:18  Drone x4  
  93  6:38  Hatchery  
  93  6:39  Hatchery  
  91  6:40  Drone  
  91  6:41  Drone x10  
  102  6:50  Drone x2  
  104  6:58  Hydralisk Den  
  103  7:02  Hatchery  
  103  7:05  Evolution Chamber  
  101  7:08  Zerg Ground Armor Level 1  
  101  7:09  Glial Reconstitution  
  101  7:11  Drone x9  
  101  7:12  Overlord x2  
  110  7:32  Hydralisk x11  
  132  7:43  Hydralisk x3  
  138  7:53  Hydralisk x6  
  138  7:54  Overlord x4  
  138  7:58  Zerg Missile Weapons Level 1  
  150  7:59  Grooved Spines  
  150  8:10  Extractor  
  150  8:11  Hydralisk, Extractor  
  150  8:12  Hydralisk x6  
  154  8:13  Hatchery, Hydralisk  
  154  8:15  Overlord x2, Hydralisk x3  
  154  8:17  Hatchery  
  168  8:34  Hydralisk  
  168  8:35  Hydralisk x12  
  194  8:46  Infestation Pit  
  194  8:47  Hydralisk x3  
  199  8:49  Drone  
  200  9:14  Hatchery  
  179  9:34  Hydralisk  
  179  9:35  Hydralisk x9  
  199  9:40  Hatchery  
  199  9:41  Spire  
  187  9:48  Hive  
  187  9:49  Hydralisk x7  
  175  10:09  Hydralisk x8  
  175  10:10  Hydralisk  
  183  10:24  Hydralisk x5  
  183  10:25  Hydralisk  
  183  10:27  Hydralisk  
  195  10:35  Hydralisk x3  
  189  10:56  Extractor  
Tags
 
Add a new tag
Caveats
  • Supply blocks, unpowered buildings, or Contaminate may cause inaccurate times.
  • Supply counts are checked every 10 seconds.